 Dungeon Crawl Stone Soup version 0.22.1-1-ga44c0e56f4 (webtiles) character file.

135 Peloso the Covered (level 4, -4/41 HPs)
             Began as a Minotaur Fighter on Sept 29, 2018.
             Killed by divine providence
             ... invoked by an orc priest
              (9 damage)
             ... on level 3 of the Dungeon on Sept 30, 2018.
             The game lasted 00:05:09 (1840 turns).

Peloso the Covered (Minotaur Fighter)               Turns: 1840, Time: 00:05:09

Health: -4/41      AC:  7    Str: 20    XL:     4   Next: 97%
Magic:  3/3        EV:  8    Int:  5    God:
Gold:   75         SH:  9    Dex: 11    Spells: 3/3 levels left

rFire    . . .     SeeInvis .   a - +0 long sword
rCold    . . .     Gourm    .   c - +0 shield
rNeg     . . .     Faith    .   b - +0 scale mail
rPois    .         Spirit   .   (helmet restricted)
rElec    .         Reflect  .   e - scarf {repulsion}
rCorr    .         Harm     .   (no gloves)
MR       .....                  (no boots)
Stlth    +.........             (no amulet)
HPRegen  0.13/turn              m - ring of stealth
MPRegen  0.08/turn              (no ring)

@: repel missiles
A: retaliatory headbutt, horns 2
a: no special abilities


You were on level 3 of the Dungeon.
You were very hungry.

You visited 1 branch of the dungeon, and saw 3 of its levels.

You collected 75 gold pieces.

Inventory:

Hand Weapons
 a - a +0 long sword (weapon)
Armour
 b - a +0 scale mail (worn)
 c - a +0 shield (worn)
 e - a scarf of repulsion (worn)
Jewellery
 m - a ring of stealth (left hand)
Scrolls
 g - a scroll of amnesia {unknown}
 h - 4 scrolls of identify {unknown}
 i - 3 scrolls of immolation {unknown}
 j - a scroll of random uselessness {unknown}
 k - 2 scrolls of teleportation {unknown}
Potions
 d - a potion of might
 l - a potion of magic {unknown}
Comestibles
 f - 4 rations


   Skills:
 + Level 4.4 Fighting
 + Level 4.2 Long Blades
 + Level 4.4 Armour
 + Level 0.9 Dodging
 + Level 4.4 Shields


You had 3 spell levels left.
You didn't know any spells.
Your spell library contained the following spells:

 Spells                   Type           Power        Failure   Level  Hunger
 Magic Dart               Conj           #...         99%         1    ##.....
 Blink                    Tloc           N/A          100%        2    ###....
 Call Imp                 Summ           #.......     100%        2    ###....
 Slow                     Hex            #.......     100%        2    ###....
 Conjure Flame            Conj/Fire      #.......     100%        3    ####...
 Mephitic Cloud           Conj/Pois/Air  #.......     100%        3    ####...


Dungeon Overview and Level Annotations

Branches:
Dungeon (3/15)

Altars:
Nemelex Xobeh
Sif Muna


Innate Abilities, Weirdness & Mutations

You reflexively headbutt those who attack you in melee.
You have a pair of horns on your head.


Message History

You headbutt the orc priest.
The orc priest is moderately wounded.
An orc comes into view. It is wielding a club.
You block the orc priest's attack.
You hit the orc priest but do no damage.
The orc priest is moderately wounded.
You are feeling very hungry.
You block the orc priest's attack.
The orc priest calls down the wrath of Beogh upon you.
Beogh smites you!
You closely miss the orc priest. You headbutt the orc priest.
The orc priest is severely wounded.
The orc priest hits you with a flail!
* * * LOW HITPOINT WARNING * * *
You hit the orc priest.
You kill the orc priest!
Your Long Blades skill increases to level 4!
The orc priest calls down the wrath of Beogh upon you.
Beogh smites you!
You die...

#. #. .. #.#### ...
#.o..# ... #go..#
#.####.)..##
.......@...## #
##..........#
#.#######.#.....(.##
#..........#.....##
#....[<..........#
#...........###.###
#............###.#
.................#
###..........#####


You could see an orc priest, an orc and a goblin.

Vanquished Creatures
  An orc priest (D:3)
  Terence (D:2)
  3 adders
  An ooze (D:1)
  2 dart slugs
  2 orcs
  4 bats
  4 giant cockroaches
  7 goblins
  4 hobgoblins
  5 kobolds
  A quokka (D:2)
  3 frilled lizards
  4 rats
42 creatures vanquished.

Notes
Turn   | Place    | Note
-------+----------+-------------------------------------------
     0 | D:1      | Peloso the Minotaur Fighter began the quest for the Orb.
     0 | D:1      | Reached XP level 1. HP: 19/19 MP: 0/0
   235 | D:1      | Reached XP level 2. HP: 27/27 MP: 1/1
   785 | D:1      | Reached XP level 3. HP: 33/33 MP: 2/2
  1087 | D:2      | Noticed Terence
  1101 | D:2      | Killed Terence
  1135 | D:2      | Reached XP level 4. HP: 32/40 MP: 3/3
  1146 | D:2      | Found a sparkling altar of Nemelex Xobeh.
  1632 | D:2      | Found a deep blue altar of Sif Muna.
  1840 | D:3      | Killed from afar by an orc priest

Skill      XL: |  1  2  3  4 |
---------------+-------------+-----
Shields        | 4 |  4.4
Armour         | 4 |  4.4
Fighting       | 4 |  4.4
Long Blades    | 3 4 |  4.2
Dodging        | |  0.9

Action                   |  1- 3 |  4- 6 || total
-------------------------+-------+-------++-------
Melee: Long sword        |    74 |    25 ||    99
       Headbutt          |     9 |     9 ||    18
  Eat: Chunk             |       |     2 ||     2
Armor: Scale mail        |    37 |     4 ||    41
Dodge: Dodged            |    27 |     7 ||    34
       Deflected         |     1 |       ||     1
Block: Shield            |    36 |    12 ||    48
       Rpst.: Long sword |     8 |     1 ||     9
